 Dungeon Crawl Stone Soup version 0.28.0-1-gb440e238dd (webtiles) character file.

Game seed: 4749757921840020140

10 croobank the Sneak (level 2, -2/13 (14) HPs)
             Began as a Felid Delver on Feb 20, 2022.
             Slain by a wight (4 damage)
             ... in an ossuary.
             The game lasted 00:01:15 (299 turns).

croobank the Sneak (Felid Delver)                    Turns: 299, Time: 00:01:16

HP:   -2/13 (14)    AC:  1    Str:  8    XL:     2   Next: 10%
MP:   3/3           EV: 18    Int: 11    God:
Gold: 0             SH:  0    Dex: 17    Spells: 1/1 levels left
                                        Lives: 0   Deaths: 0

rFire   . . .      SeeInvis +     - Unarmed
rCold   . . .      Faith    .   (shield unavailable)
rNeg    . . .      Spirit   .   (armour unavailable)
rPois   .          Reflect  .   (helmet unavailable)
rElec   .          Harm     .   (cloak unavailable)
rCorr   .          Rampage  .   (gloves unavailable)
Will    .....                   (boots unavailable)
Stlth   ++++......              (no amulet)
HPRegen 0.04/turn               (no ring)
MPRegen 0.08/turn               (no ring)

@: drained, quick
A: very small, claws 1, fangs 3, see invisible, speed 1, shaggy fur 1, stealthy
paws, no weapons or thrown items, no armour, multi-lived
a: no special abilities


You were in an ossuary.
You visited 1 branch of the dungeon, and saw 1 of its levels.
You also visited: Ossuary.

Inventory:

Wands
 e - a wand of digging (3)
 m - a wand of polymorph (7)
Scrolls
 a - a scroll of fog
 b - a scroll of magic mapping
 c - a scroll of fear
 n - a scroll of noise
Potions
 d - a potion of haste
 f - a potion of mutation {unknown}
 g - 2 potions of curing
 j - a potion of lignification {unknown}
 k - a potion of berserk rage {unknown}
 l - a potion of resistance {unknown}


   Skills:
 + Level 3.1 Fighting
 + Level 3.0 Dodging
 + Level 6.8 Stealth
 + Level 2.2 Unarmed Combat


You had one spell level left.
You didn't know any spells.
Your spell library was empty.

Dungeon Overview and Level Annotations

Branches:
Dungeon (5/15)            Ossuary (1/1)
 Temple: D:4-7

Altars:


Innate Abilities, Weirdness & Mutations

You have sharp claws.
You have razor-sharp teeth.
You have supernaturally acute eyesight. (SInv)
You cover ground quickly. (Speed+)
You are covered in fur. (AC +1)
Your paws help you pounce on unaware monsters.
You are incapable of wielding weapons or throwing items.
You cannot wear armour.
You gain extra lives every three experience levels.


Message History

Wisps of shadow whirl around you...
It was a scroll of summoning.
Unknown command.
You swap places.
You open the door.
There is an open door here.
You open the door.
There is an open door here.
Found six items.
Found a viscous golden potion and a fuming inky potion.
h - a scroll labelled INAXKA LISOI
i - a scroll labelled PABIOCHEUMO The flying skull gives a hideous shriek!
j - a viscous golden potion
k - a fuming inky potion
l - a puce potion
i - 2 scrolls labelled PABIOCHEUMO (gained 1)
m - a wand of polymorph (7)
Your iguana skeleton dissolves into shadows!
You swap places.
g - 2 yellow potions (gained 1)
n - a scroll labelled YWEHEN LICOGUL Your scorpion zombie dissolves into shadows!
As you read the scroll labelled INAXKA LISOI, it crumbles to dust.
It is a scroll of enchant weapon.
You aren't carrying any weapons that can be enchanted.
As you read the scroll labelled PABIOCHEUMO, it crumbles to dust.
It is a scroll of identify.
g - 2 potions of curing
As you read the scroll of identify, it crumbles to dust.
n - a scroll of noise Your black bear zombie dissolves into shadows!
The flying skull gives a hideous shriek!
You open the door.
A wight comes into view. It is wielding a +5 dagger.
There is an open door here.
You barely miss the wight. The wight hits you with a +5 dagger!
Ouch! That really hurt!
* * * LOW HITPOINT WARNING * * *
You feel drained.
You die...

#.............#
#.###.....###.#
#.# #.....#z#.#
#.###.....###.#
#.............#
#.............#
#.###.###.###.#
# #.#z#.#z#.#
#.###.##@.#
..........#
###########


You could see a wight.

Vanquished Creatures
  An adder zombie (Ossuary)
  3 ball python skeletons (Ossuary)
  3 hobgoblin skeletons (Ossuary)
  A hobgoblin zombie (Ossuary)
  An orc skeleton (Ossuary)
  An orc zombie (Ossuary)
10 creatures vanquished.

Notes
Turn   | Place    | Note
-------+----------+-------------------------------------------
     0 | D:5      | croobank the Felid Delver began the quest for the Orb.
     0 | D:5      | Reached XP level 1. HP: 10/10 MP: 2/2
     6 | Ossuary  | Entered an ossuary
   116 | Ossuary  | Reached XP level 2. HP: 10/14 MP: 3/3
   250 | Ossuary  | Noticed a wraith
   250 | Ossuary  | Noticed a flying skull
   262 | Ossuary  | Noticed a flying skull
   287 | Ossuary  | Noticed a flying skull
   288 | Ossuary  | Noticed a flying skull
   297 | Ossuary  | Noticed a wight
   299 | Ossuary  | Slain by a wight

Illustrated notes

Levels and vault maps discovered:
D:5:      layout_cave_pools, serial_shops, nicolae_shop_advertising_works
          [nicolae_subvault_shop_adworks], enter_ossuary_3
Ossuary:  ossuary_due_cavern

Skill      XL: |  1 |
---------------+----+-----
Dodging        | 3 |  3.0
Fighting       | |  3.1
Stealth        | |  6.8
Unarmed Combat | |  2.2

Action                   || total
-------------------------++-------
Melee: Unarmed           ||    20
       Bite              ||     1
  Use: Scroll            ||     4
 Stab: Sleeping          ||     6
Armor: Skin              ||     1
Dodge: Dodged            ||     7
